 Dungeon Crawl Stone Soup version 0.28-a0-863-g8cecda6153 (webtiles) character file.

Game seed: 17140457715390389062

2 Blacky the Caller (level 1, 0/13 HPs)
             Began as a Merfolk Summoner on Nov 17, 2021.
             Slain by a kobold (3 damage)
             ... on level 1 of the Dungeon.
             The game lasted 00:00:25 (59 turns).

Blacky the Caller (Merfolk Summoner)                  Turns: 59, Time: 00:00:25

Health: 0/13       AC:  2    Str:  8    XL:     1   Next: 30%
Magic:  2/3        EV: 12    Int: 14    God:
Gold:   9          SH:  0    Dex: 14    Spells: 3/4 levels left

rFire   . . .      SeeInvis .   (no weapon)
rCold   . . .      Faith    .   (no shield)
rNeg    . . .      Spirit   .   a - +0 robe
rPois   .          Reflect  .   (no helmet)
rElec   .          Harm     .   (no cloak)
rCorr   .          Rampage  .   (no gloves)
Will    .....                   (no boots)
Stlth   ++........              (no amulet)
HPRegen 0.04/turn               (no ring)
MPRegen 0.08/turn               (no ring)

@: no status effects
A: (nimble swimmer 2), mertail
a: no special abilities


You were on level 1 of the Dungeon.
You visited 1 branch of the dungeon, and saw 1 of its levels.

You collected 9 gold pieces.

Inventory:

Armour
 a - a +0 robe (worn)


   Skills:
 + Level 2.6 Dodging
 + Level 2.1 Stealth
 + Level 2.0 Spellcasting
 + Level 4.1 Summonings


You had 3 spell levels left.
You knew the following spells:

 Your Spells              Type           Power      Damage    Failure   Level
a - Summon Small Mammal   Summ           48%        N/A       4%          1

Your spell library contained the following spells:

 Spells                   Type           Power      Damage    Failure   Level
 Call Imp                 Summ           12%        N/A       7%          2
 Call Canine Familiar     Summ           12%        N/A       13%         3
 Summon Guardian Golem    Hex/Summ       7%         N/A       30%         3
 Summon Lightning Spire   Summ/Air       7%         N/A       71%         4


Dungeon Overview and Level Annotations

Branches:
Dungeon (1/15)

Altars:


Innate Abilities, Weirdness & Mutations

((You are quick and stealthy near water. (Stealth+, EV+, Speed+++)))
Your lower body shifts to a powerful aquatic tail in water.


Message History

The rat barely misses you.
You hit the rat.
You kill the rat!
You now have 9 gold pieces.
You see here a rat corpse.
You swap places.
There is an open door here.
You see here a rat corpse.
You miscast Summon Small Mammal.
You are very lightly contaminated with residual magic.
Nothing appears to happen.
A kobold comes into view. It is wielding a +0 short sword.
The kobold shouts!
You open the door.
A rat comes into view.
Your rat disappears in a puff of smoke!
The rat bites you.
Your magical contamination has completely faded away.
Your rat barely misses the rat.
You see here a rat corpse.
Your rat barely misses the rat.
You closely miss the rat. The rat bites you.
You closely miss the rat.
Your rat bites the rat but does no damage.
The rat bites you.
You hit the rat but do no damage.
The kobold hits your rat with a +0 short sword.
Your rat bites the rat.
The rat bites you.
* * * LOW HITPOINT WARNING * * *
You barely miss the rat.
The rat is severely wounded.
The kobold barely misses your rat.
Your rat bites the rat.
The rat dies!
The kobold hits your rat with a +0 short sword.
Your rat dies!
Your rat's corpse disappears in a puff of smoke!
You see here a rat corpse.
You hit the kobold but do no damage.
The kobold hits you with a +0 short sword.
You die...

###..### #.'....+
###...####+#+####
#†'†..#.........#
###...#..#.8.#..##
+.......≈.≈.....
#.#####...#.........#
#......K..#..#...#..#
#######@..#.........#
#..##.........#
..###..#...#..# ##..
#.........# ##.
#.........#
.##....<....#
..########### ..


You could see a kobold.

Vanquished Creatures
  A rat (D:1)
1 creature vanquished.

Vanquished Creatures (collateral kills)
  2 rats (D:1)
2 creatures vanquished.

Grand Total: 3 creatures vanquished

Notes
Turn   | Place    | Note
-------+----------+-------------------------------------------
     0 | D:1      | Blacky the Merfolk Summoner began the quest for the Orb.
     0 | D:1      | Reached XP level 1. HP: 13/13 MP: 3/3
    59 | D:1      | Slain by a kobold

Illustrated notes

Levels and vault maps discovered:
D:1:      shiori_arrival_oz, layout_loops_ring, ebering_ecumenical_altar_mist,
          chequers_serial_rivers_micro_e, minmay_rat_gold_closets

Action                   || total
-------------------------++-------
Melee: Unarmed           ||    14
 Cast: Summon Small Mamm ||     3
 Stab: Sleeping          ||     1
Armor: Robe              ||     2
Dodge: Dodged            ||     4

Table legend: (Time is in decaauts)
 A = Elapsed time spent in this place.
 B = Non-inter-level travel time spent in this place.
 C = Inter-level travel time spent in this place.
 D = Time resting spent in this place.
 E = Time spent auto-exploring this place.
 F = Levels seen in this place.
 G = Mean time per level.
                   A        B        C        D        E       F      G
               +--------+--------+--------+--------+--------+-----+--------+
         Total |     59 |     59 |      0 |      0 |      0 |   1 |   59.0 |
       Dungeon |     59 |     59 |      0 |      0 |      0 |   1 |   59.0 |
               +--------+--------+--------+--------+--------+-----+--------+

Top non-repeatable levels by time:
     D:1: 59 daAuts
